Map: Dusk Towers

Players

FireCake - Winner!

  • Race: Zerg Zerg
  • League: Grandmaster

MMA

  • Race: Terran Terran

Event: Homestory Cup XII

VOD

Have the link to the VOD?

Description

Time

  • Played on: Dec. 20, 2015, 4:51 p.m.
  • Length: 5:05

All games in this series

Show
View Real Time Build Order
Export as new Build Order

FireCake Zerg - Winner!

Build Orders: Pool First, Roach Nydus 

Get SALT Encoding   

  12  0:00  Drone  
  13  0:08  Drone  
  14  0:16  Overlord  
  14  0:23  Drone, Extractor  
  15  0:34  Drone x2  
  17  0:44  Spawning Pool  
  17  0:47  Drone  
  17  1:06  Extractor  
  17  1:09  Hatchery  
  15  1:12  Drone  
  15  1:15  Drone  
  17  1:19  Drone  
  18  1:30  Queen  
  20  1:33  Zergling x2  
  20  1:37  Drone  
  22  1:48  Overlord  
  22  2:06  Zergling x2, Queen  
  25  2:18  Drone  
  25  2:21  Queen  
  25  2:22  Drone  
  29  2:30  Drone  
  30  2:40  Drone x5  
  35  2:54  Overlord  
  35  2:57  Lair  
  35  3:03  Overlord  
  35  3:04  Drone  
  36  3:06  Extractor  
  36  3:08  Drone  
  36  3:09  Drone, Extractor  
  36  3:15  Drone  
  36  3:19  Drone x4  
  41  3:24  Roach Warren  
  40  3:30  Drone x2  
  40  3:32  Drone  
  44  3:34  Drone  
  44  3:40  Overlord  
  44  3:59  Nydus Network  
  44  4:02  Overseer  
  43  4:05  Roach x5  
  53  4:15  Roach  
  53  4:16  Roach x3  
  50  4:35  Nydus Canal  
  50  4:39  Roach x4  
  50  4:45  Roach  
Show
View Real Time Build Order
Export as new Build Order

MMA Terran 

Build Orders: Reaper Expand, Hellion Banshee 

Get SALT Encoding   

  12  0:00  SCV  
  13  0:12  SCV  
  14  0:17  Supply Depot  
  14  0:25  SCV  
  15  0:39  SCV, Barracks  
  16  0:42  Refinery  
  16  0:51  SCV  
  17  1:03  SCV  
  18  1:15  SCV  
  19  1:26  Reaper  
  19  1:27  Orbital Command  
  20  1:40  Command Center  
  20  1:50  Supply Depot  
  20  1:53  SCV  
  21  1:58  Marine  
  22  2:04  Factory  
  22  2:07  SCV  
  23  2:17  Refinery  
  23  2:19  SCV  
  23  2:20  Barracks Reactor  
  24  2:31  SCV  
  25  2:43  SCV  
  26  2:52  Orbital Command  
  26  2:55  SCV  
  26  2:56  Supply Depot  
  26  2:57  Starport  
  31  3:05  Hellion x2  
  31  3:07  SCV  
  31  3:10  Barracks Tech Lab  
  32  3:19  SCV x2  
  34  3:27  Hellion x2  
  38  3:31  SCV x2  
  40  3:36  Supply Depot  
  40  3:37  Barracks Tech Lab  
  40  3:39  Banshee, Cloaking Field  
  43  3:43  SCV x2  
  45  3:55  SCV  
  46  3:57  SCV  
  46  3:59  Marine  
  46  4:01  Hellion x2  
  51  4:05  Supply Depot  
  51  4:07  SCV  
  53  4:10  SCV  
  53  4:25  Marauder  
  53  4:27  SCV x2  
  51  4:37  Supply Depot  
  56  4:38  Hellion x2  
  56  4:39  SCV x2  
  56  4:44  Engineering Bay  
  58  4:51  SCV x2  
Tags
 
Add a new tag
Caveats
  • Supply blocks, unpowered buildings, or Contaminate may cause inaccurate times.
  • Supply counts are checked every 10 seconds.